 Dungeon Crawl Stone Soup version 0.22-a0-608-g8a62e23 (webtiles) character file.

93 Lianjan the Firebug (level 4, -5/24 HPs)
             Began as a Deep Elf Fire Elementalist on July 9, 2018.
             Killed from afar by an orc wizard (7 damage)
             ... with a magic dart
             ... on level 3 of the Dungeon.
             The game lasted 00:04:18 (2549 turns).

Lianjan the Firebug (Deep Elf Fire Elementalist)    Turns: 2549, Time: 00:04:18

Health: -5/24      AC:  3    Str:  6    XL:     4   Next: 36%
Magic:  1/11       EV: 13    Int: 20    God:
Gold:   92         SH:  0    Dex: 15    Spells: 3/10 levels left

rFire    . . .     SeeInvis .   h - +1 dagger
rCold    . . .     Gourm    .   (no shield)
rNeg     . . .     Faith    .   a - +1 robe
rPois    +         Spirit   .   (no helmet)
rElec    .         Reflect  .   (no cloak)
rCorr    .         Harm     .   (no gloves)
MR       .....                  (no boots)
Stlth    ++........             (no amulet)
HPRegen  0.08/turn              e - ring of poison resistance
MPRegen  0.12/turn              (no ring)

@: no status effects
A: no striking features
a: no special abilities


You were on level 3 of the Dungeon.
You were hungry.

You visited 1 branch of the dungeon, and saw 3 of its levels.

You collected 92 gold pieces.

Inventory:

Hand Weapons
 h - a +1 dagger (weapon)
Armour
 a - a +1 robe (worn)
Jewellery
 e - a ring of poison resistance (left hand)
Scrolls
 d - 3 scrolls of identify
 i - a scroll of teleportation
Potions
 b - a potion of flight
 f - 2 potions of ambrosia {unknown}
Comestibles
 c - 7 rations


   Skills:
 - Level 2.4 Dodging
 - Level 2.4 Stealth
 + Level 3.8 Spellcasting
 * Level 3.1 Conjurations
 * Level 4.4 Fire Magic


You had 3 spell levels left.
You knew the following spells:

 Your Spells              Type           Power        Failure   Level  Hunger
a - Flame Tongue          Conj/Fire      ###..        2%          1    None
b - Conjure Flame         Conj/Fire      ###.....     9%          3    ###....
c - Inner Flame           Hex/Fire       ##......     16%         3    ###....

Your spell library contained the following spells:

 Spells                   Type           Power        Failure   Level  Hunger
 Fireball                 Conj/Fire      ###.......   61%         5    ######.
 Throw Flame              Conj/Fire      ###...       4%          2    ##.....
 Sticky Flame             Conj/Fire      ###.....     28%         4    ####...


Dungeon Overview and Level Annotations

Branches:
Dungeon (3/15)

Altars:


Message History

The puff of flame hits you!
* * * LOW HITPOINT WARNING * * *
Casting: Flame Tongue (safe; 2% risk of failure)
Confirm with . or Enter, or press ? or * to list all spells.
Aiming: Flame Tongue (safe; 2% risk of failure)
Press: ? - help, Shift-Dir - straight line, f/p - orc wizard
Aim: an orc wizard, wielding a dagger and wearing a robe (moderately wounded)
The flame tongue hits the orc wizard.
The orc wizard appears unharmed.
The orc wizard is moderately wounded.
Casting: Flame Tongue (safe; 2% risk of failure)
Confirm with . or Enter, or press ? or * to list all spells.
Aiming: Flame Tongue (safe; 2% risk of failure)
Press: ? - help, Shift-Dir - straight line, f/p - orc wizard
Aim: an orc wizard, wielding a dagger and wearing a robe (moderately wounded)
The flame tongue misses the orc wizard.
You hear the slow rusting of a distant drain.
A ball python comes into view.
The orc wizard points at you and mumbles some strange words.
The magic dart hits you!
You die...

#... #...#.)..#
#...#####........#
#.......#%.......#
#.......#...)S.###
#.........o....##
#........oo........
#.......o......####
##.......)..?.# #.#..
#...@.##....## ......
#.....##....# ###......
#....###...... #......
#....# #....... #.#...
#....# .......
#...#.#####
#....###...(##
#...#.....# #.........
#<..#.....####........
#..##..................


You could see 3 orc wizards, an orc and a ball python (wandering).

Vanquished Creatures
  3 adders
  An ooze (D:2)
  A worm (D:2)
  A dart slug (D:2)
  4 leopard geckos
  2 orcs (D:3)
  2 ball pythons
  A giant cockroach (D:1)
  5 goblins
  5 hobgoblins
  3 jackals (D:2)
  9 kobolds
  3 bats
  6 frilled lizards
  7 rats
53 creatures vanquished.

Notes
Turn   | Place    | Note
-------+----------+-------------------------------------------
     0 | D:1      | Lianjan the Deep Elf Fire Elementalist began the quest for the Orb.
     0 | D:1      | Reached XP level 1. HP: 10/10 MP: 6/6
   302 | D:1      | Reached XP level 2. HP: 15/15 MP: 2/8
   970 | D:2      | Reached XP level 3. HP: 18/19 MP: 7/9
  1254 | D:2      | Reached skill level 4 in Fire Magic
  1385 | D:2      | Learned a level 3 spell: Conjure Flame
  1389 | D:2      | Learned a level 3 spell: Inner Flame
  1972 | D:2      | Reached XP level 4. HP: 10/24 MP: 3/11
  2549 | D:3      | Killed from afar by an orc wizard

Vault maps used:
D:1:      lightli_arrival_flooded_house
D:2:      first_ration, minmay_domino_4
D:3:      portal_sewer_entry_a

Skill      XL: |  1  2  3  4 |
---------------+-------------+-----
Conjurations   | 2 3 |  3.1
Fire Magic     | 4 |  4.4
Dodging        | |  2.4
Stealth        | |  2.4
Spellcasting   | |  3.8

Action                   |  1- 3 |  4- 6 || total
-------------------------+-------+-------++-------
Melee: Dagger            |     9 |     4 ||    13
       Unarmed           |     5 |       ||     5
 Cast: Flame Tongue      |    80 |    22 ||   102
  Use: Scroll            |       |     8 ||     8
  Eat: Chunk             |     3 |     1 ||     4
Armor: Robe              |     5 |     1 ||     6
Dodge: Dodged            |    28 |     9 ||    37

Table legend:
 A = Spawn XP
 B = Non-spawn XP
 C = Spawn XP percentage of total XP
 D = Spawn monster count
 E = Non-spawn monster count
 F = Spawn count percentage of total count
 G = Total turns spent on level
                    A         B        C        D         E        F      G
               +---------+---------+-------+---------+---------+-------+---------
         Total |       0 |     133 |   0.0 |       0 |      53 |   0.0 |  2549
               +---------+---------+-------+---------+---------+-------+---------
           D:1 |       0 |      39 |   0.0 |       0 |      24 |   0.0 |   967
           D:2 |       0 |      68 |   0.0 |       0 |      22 |   0.0 |  1497
           D:3 |       0 |      26 |   0.0 |       0 |       7 |   0.0 |    85
               +---------+---------+-------+---------+---------+-------+---------
